Workbook

Sheet Übersicht
A1: Doppelte Buchhaltung
A2: Einfache Excel-Vorlage für Buchungen, Kontenplan und Auswertungen
A4: Firmenname | B4: Musterfirma GmbH | F4: Kennzahlen
A5: Geschäftsjahr | B5: 2026 | F5: Anzahl Buchungen | G5: =COUNTIF(Buchungen!$K$2:$K$200,"OK") -> 13
A6: Währung | B6: EUR | F6: Summe Soll | G6: =SUM(Buchungen!$I$2:$I$200) -> 27494.9
F7: Summe Haben | G7: =SUM(Buchungen!$J$2:$J$200) -> 27494.9
F8: Jahresergebnis | G8: =Auswertungen!$K$6 -> 2445.1
F9: Status | G9: =IF(ABS(G6-G7)<0.005,"Ausgeglichen","Prüfen") -> Ausgeglichen
A11: Kurzanleitung | F11: Schnellzugriff
A12: 1. Konten im Blatt „Kontenplan“ prüfen oder anpassen. | F12: Zum Kontenplan
A13: 2. Buchungen im Blatt „Buchungen“ erfassen. | F13: Zu Buchungen
A14: 3. Soll- und Haben-Konto auswählen und Betrag eingeben. | F14: Zu Auswertungen
A15: 4. Automatische Ergebnisse im Blatt „Auswertungen“ prüfen.
A16: 5. Bei Status „Prüfen“ die markierten Zeilen kontrollieren.

Sheet Kontenplan
A1: Kontenplan
A2: Konto-Nr | B2: Kontobezeichnung | C2: Kontotyp | D2: Gruppe | E2: Normal-Seite | F2: Aktiv
A3: 1000 | B3: Kasse | C3: Aktiva | D3: Umlaufvermögen | E3: =IF(C3="","",IF(OR(C3="Aktiva",C3="Aufwand"),"Soll","Haben")) -> Soll | F3: Ja
A4: 1200 | B4: Bank | C4: Aktiva | D4: Umlaufvermögen | E4: =IF(C4="","",IF(OR(C4="Aktiva",C4="Aufwand"),"Soll","Haben")) -> Soll | F4: Ja
A5: 1400 | B5: Forderungen | C5: Aktiva | D5: Umlaufvermögen | E5: =IF(C5="","",IF(OR(C5="Aktiva",C5="Aufwand"),"Soll","Haben")) -> Soll | F5: Ja
A6: 1600 | B6: Anlagevermögen | C6: Aktiva | D6: Anlagevermögen | E6: =IF(C6="","",IF(OR(C6="Aktiva",C6="Aufwand"),"Soll","Haben")) -> Soll | F6: Ja
A7: 2000 | B7: Verbindlichkeiten | C7: Passiva | D7: Fremdkapital | E7: =IF(C7="","",IF(OR(C7="Aktiva",C7="Aufwand"),"Soll","Haben")) -> Haben | F7: Ja
A8: 3000 | B8: Eigenkapital | C8: Eigenkapital | D8: Eigenkapital | E8: =IF(C8="","",IF(OR(C8="Aktiva",C8="Aufwand"),"Soll","Haben")) -> Haben | F8: Ja
A9: 4000 | B9: Umsatzerlöse | C9: Ertrag | D9: Betriebsertrag | E9: =IF(C9="","",IF(OR(C9="Aktiva",C9="Aufwand"),"Soll","Haben")) -> Haben | F9: Ja
A10: 4100 | B10: Sonstige Erträge | C10: Ertrag | D10: Betriebsertrag | E10: =IF(C10="","",IF(OR(C10="Aktiva",C10="Aufwand"),"Soll","Haben")) -> Haben | F10: Ja
A11: 5000 | B11: Wareneinsatz | C11: Aufwand | D11: Materialaufwand | E11: =IF(C11="","",IF(OR(C11="Aktiva",C11="Aufwand"),"Soll","Haben")) -> Soll | F11: Ja
A12: 6000 | B12: Miete | C12: Aufwand | D12: Betriebliche Aufwendungen | E12: =IF(C12="","",IF(OR(C12="Aktiva",C12="Aufwand"),"Soll","Haben")) -> Soll | F12: Ja
A13: 6100 | B13: Bürobedarf | C13: Aufwand | D13: Betriebliche Aufwendungen | E13: =IF(C13="","",IF(OR(C13="Aktiva",C13="Aufwand"),"Soll","Haben")) -> Soll | F13: Ja
A14: 6200 | B14: Telefon und Internet | C14: Aufwand | D14: Betriebliche Aufwendungen | E14: =IF(C14="","",IF(OR(C14="Aktiva",C14="Aufwand"),"Soll","Haben")) -> Soll | F14: Ja
... A17: 6500 | B17: Sonstige betriebliche Aufwendungen | C17: Aufwand | D17: Betriebliche Aufwendungen | E17: =IF(C17="","",IF(OR(C17="Aktiva",C17="Aufwand"),"Soll","Haben")) -> Soll | F17: Ja
E18: =IF(C18="","",IF(OR(C18="Aktiva",C18="Aufwand"),"Soll","Haben"))
E19: =IF(C19="","",IF(OR(C19="Aktiva",C19="Aufwand"),"Soll","Haben"))
E20: =IF(C20="","",IF(OR(C20="Aktiva",C20="Aufwand"),"Soll","Haben"))
E21: =IF(C21="","",IF(OR(C21="Aktiva",C21="Aufwand"),"Soll","Haben"))
E22: =IF(C22="","",IF(OR(C22="Aktiva",C22="Aufwand"),"Soll","Haben"))
E23: =IF(C23="","",IF(OR(C23="Aktiva",C23="Aufwand"),"Soll","Haben"))
E24: =IF(C24="","",IF(OR(C24="Aktiva",C24="Aufwand"),"Soll","Haben"))
E25: =IF(C25="","",IF(OR(C25="Aktiva",C25="Aufwand"),"Soll","Haben"))
E26: =IF(C26="","",IF(OR(C26="Aktiva",C26="Aufwand"),"Soll","Haben"))
E27: =IF(C27="","",IF(OR(C27="Aktiva",C27="Aufwand"),"Soll","Haben"))
E28: =IF(C28="","",IF(OR(C28="Aktiva",C28="Aufwand"),"Soll","Haben"))
E29: =IF(C29="","",IF(OR(C29="Aktiva",C29="Aufwand"),"Soll","Haben"))
... E202: =IF(C202="","",IF(OR(C202="Aktiva",C202="Aufwand"),"Soll","Haben"))

Sheet Buchungen
A1: Buchungen
A2: Buchungs-ID | B2: Datum | C2: Belegnummer | D2: Buchungstext | E2: Soll-Konto | F2: Haben-Konto | G2: Betrag | H2: Periode | I2: Soll | J2: Haben | K2: Prüfstatus | L2: Notiz
A3: =IF(COUNTA(B3:G3)=0,"",ROW()-2) -> 1 | B3: 46024 | C3: BK-001 | D3: Stammeinlage auf Bankkonto | E3: 1200 | F3: 3000 | G3: 15000 | H3: =IF(B3="","",IF(MONTH(B3)<10,"0"&MONTH(B3),MONTH(B3))&"."&YEAR(B3)) -> 01.2026 | I3: =IF(K3="OK",G3,"") -> 15000 | J3: =IF(K3="OK",G3,"") -> 15000 | K3: =IF(COUNTA(B3:G3)=0,"",IF(OR(B3="",C3="",D3="",E3="",F3="",G3=""),"Unvollständig",IF(G3<=0,"Prüfen",IF(E3=F3,"Prüfen","OK")))) -> OK | L3: Beispiel: Startkapital
A4: =IF(COUNTA(B4:G4)=0,"",ROW()-2) -> 2 | B4: 46027 | C4: RE-001 | D4: Januarmiete überwiesen | E4: 6000 | F4: 1200 | G4: 1200 | H4: =IF(B4="","",IF(MONTH(B4)<10,"0"&MONTH(B4),MONTH(B4))&"."&YEAR(B4)) -> 01.2026 | I4: =IF(K4="OK",G4,"") -> 1200 | J4: =IF(K4="OK",G4,"") -> 1200 | K4: =IF(COUNTA(B4:G4)=0,"",IF(OR(B4="",C4="",D4="",E4="",F4="",G4=""),"Unvollständig",IF(G4<=0,"Prüfen",IF(E4=F4,"Prüfen","OK")))) -> OK
A5: =IF(COUNTA(B5:G5)=0,"",ROW()-2) -> 3 | B5: 46030 | C5: RE-002 | D5: Büromaterial gekauft | E5: 6100 | F5: 1200 | G5: 245 | H5: =IF(B5="","",IF(MONTH(B5)<10,"0"&MONTH(B5),MONTH(B5))&"."&YEAR(B5)) -> 01.2026 | I5: =IF(K5="OK",G5,"") -> 245 | J5: =IF(K5="OK",G5,"") -> 245 | K5: =IF(COUNTA(B5:G5)=0,"",IF(OR(B5="",C5="",D5="",E5="",F5="",G5=""),"Unvollständig",IF(G5<=0,"Prüfen",IF(E5=F5,"Prüfen","OK")))) -> OK
A6: =IF(COUNTA(B6:G6)=0,"",ROW()-2) -> 4 | B6: 46034 | C6: RE-003 | D6: Verkauf an Kunde Müller | E6: 1200 | F6: 4000 | G6: 3200 | H6: =IF(B6="","",IF(MONTH(B6)<10,"0"&MONTH(B6),MONTH(B6))&"."&YEAR(B6)) -> 01.2026 | I6: =IF(K6="OK",G6,"") -> 3200 | J6: =IF(K6="OK",G6,"") -> 3200 | K6: =IF(COUNTA(B6:G6)=0,"",IF(OR(B6="",C6="",D6="",E6="",F6="",G6=""),"Unvollständig",IF(G6<=0,"Prüfen",IF(E6=F6,"Prüfen","OK")))) -> OK
A7: =IF(COUNTA(B7:G7)=0,"",ROW()-2) -> 5 | B7: 46036 | C7: RE-004 | D7: Telefon und Internet | E7: 6200 | F7: 1200 | G7: 89.9 | H7: =IF(B7="","",IF(MONTH(B7)<10,"0"&MONTH(B7),MONTH(B7))&"."&YEAR(B7)) -> 01.2026 | I7: =IF(K7="OK",G7,"") -> 89.9 | J7: =IF(K7="OK",G7,"") -> 89.9 | K7: =IF(COUNTA(B7:G7)=0,"",IF(OR(B7="",C7="",D7="",E7="",F7="",G7=""),"Unvollständig",IF(G7<=0,"Prüfen",IF(E7=F7,"Prüfen","OK")))) -> OK
A8: =IF(COUNTA(B8:G8)=0,"",ROW()-2) -> 6 | B8: 46042 | C8: RE-005 | D8: Rückvergütung erhalten | E8: 1200 | F8: 4100 | G8: 180 | H8: =IF(B8="","",IF(MONTH(B8)<10,"0"&MONTH(B8),MONTH(B8))&"."&YEAR(B8)) -> 01.2026 | I8: =IF(K8="OK",G8,"") -> 180 | J8: =IF(K8="OK",G8,"") -> 180 | K8: =IF(COUNTA(B8:G8)=0,"",IF(OR(B8="",C8="",D8="",E8="",F8="",G8=""),"Unvollständig",IF(G8<=0,"Prüfen",IF(E8=F8,"Prüfen","OK")))) -> OK
A9: =IF(COUNTA(B9:G9)=0,"",ROW()-2) -> 7 | B9: 46047 | C9: RE-006 | D9: Versicherung bezahlt | E9: 6300 | F9: 1200 | G9: 410 | H9: =IF(B9="","",IF(MONTH(B9)<10,"0"&MONTH(B9),MONTH(B9))&"."&YEAR(B9)) -> 01.2026 | I9: =IF(K9="OK",G9,"") -> 410 | J9: =IF(K9="OK",G9,"") -> 410 | K9: =IF(COUNTA(B9:G9)=0,"",IF(OR(B9="",C9="",D9="",E9="",F9="",G9=""),"Unvollständig",IF(G9<=0,"Prüfen",IF(E9=F9,"Prüfen","OK")))) -> OK
A10: =IF(COUNTA(B10:G10)=0,"",ROW()-2) -> 8 | B10: 46050 | C10: RE-007 | D10: Geschäftsreise Hotel | E10: 6400 | F10: 1200 | G10: 560 | H10: =IF(B10="","",IF(MONTH(B10)<10,"0"&MONTH(B10),MONTH(B10))&"."&YEAR(B10)) -> 01.2026 | I10: =IF(K10="OK",G10,"") -> 560 | J10: =IF(K10="OK",G10,"") -> 560 | K10: =IF(COUNTA(B10:G10)=0,"",IF(OR(B10="",C10="",D10="",E10="",F10="",G10=""),"Unvollständig",IF(G10<=0,"Prüfen",IF(E10=F10,"Prüfen","OK")))) -> OK
A11: =IF(COUNTA(B11:G11)=0,"",ROW()-2) -> 9 | B11: 46053 | C11: RE-008 | D11: Wareneinkauf auf Ziel | E11: 5000 | F11: 2000 | G11: 980 | H11: =IF(B11="","",IF(MONTH(B11)<10,"0"&MONTH(B11),MONTH(B11))&"."&YEAR(B11)) -> 01.2026 | I11: =IF(K11="OK",G11,"") -> 980 | J11: =IF(K11="OK",G11,"") -> 980 | K11: =IF(COUNTA(B11:G11)=0,"",IF(OR(B11="",C11="",D11="",E11="",F11="",G11=""),"Unvollständig",IF(G11<=0,"Prüfen",IF(E11=F11,"Prüfen","OK")))) -> OK | L11: offene Verbindlichkeit
A12: =IF(COUNTA(B12:G12)=0,"",ROW()-2) -> 10 | B12: 46056 | C12: RE-009 | D12: Lieferantenrechnung bezahlt | E12: 2000 | F12: 1200 | G12: 980 | H12: =IF(B12="","",IF(MONTH(B12)<10,"0"&MONTH(B12),MONTH(B12))&"."&YEAR(B12)) -> 02.2026 | I12: =IF(K12="OK",G12,"") -> 980 | J12: =IF(K12="OK",G12,"") -> 980 | K12: =IF(COUNTA(B12:G12)=0,"",IF(OR(B12="",C12="",D12="",E12="",F12="",G12=""),"Unvollständig",IF(G12<=0,"Prüfen",IF(E12=F12,"Prüfen","OK")))) -> OK
A13: =IF(COUNTA(B13:G13)=0,"",ROW()-2) -> 11 | B13: 46058 | C13: RE-010 | D13: Barverkauf | E13: 1000 | F13: 4000 | G13: 450 | H13: =IF(B13="","",IF(MONTH(B13)<10,"0"&MONTH(B13),MONTH(B13))&"."&YEAR(B13)) -> 02.2026 | I13: =IF(K13="OK",G13,"") -> 450 | J13: =IF(K13="OK",G13,"") -> 450 | K13: =IF(COUNTA(B13:G13)=0,"",IF(OR(B13="",C13="",D13="",E13="",F13="",G13=""),"Unvollständig",IF(G13<=0,"Prüfen",IF(E13=F13,"Prüfen","OK")))) -> OK
A14: =IF(COUNTA(B14:G14)=0,"",ROW()-2) -> 12 | B14: 46063 | C14: RE-011 | D14: Rechnung an Kunde Schmidt | E14: 1400 | F14: 4000 | G14: 2100 | H14: =IF(B14="","",IF(MONTH(B14)<10,"0"&MONTH(B14),MONTH(B14))&"."&YEAR(B14)) -> 02.2026 | I14: =IF(K14="OK",G14,"") -> 2100 | J14: =IF(K14="OK",G14,"") -> 2100 | K14: =IF(COUNTA(B14:G14)=0,"",IF(OR(B14="",C14="",D14="",E14="",F14="",G14=""),"Unvollständig",IF(G14<=0,"Prüfen",IF(E14=F14,"Prüfen","OK")))) -> OK | L14: Forderung entsteht
A15: =IF(COUNTA(B15:G15)=0,"",ROW()-2) -> 13 | B15: 46071 | C15: RE-012 | D15: Zahlung Kunde Schmidt | E15: 1200 | F15: 1400 | G15: 2100 | H15: =IF(B15="","",IF(MONTH(B15)<10,"0"&MONTH(B15),MONTH(B15))&"."&YEAR(B15)) -> 02.2026 | I15: =IF(K15="OK",G15,"") -> 2100 | J15: =IF(K15="OK",G15,"") -> 2100 | K15: =IF(COUNTA(B15:G15)=0,"",IF(OR(B15="",C15="",D15="",E15="",F15="",G15=""),"Unvollständig",IF(G15<=0,"Prüfen",IF(E15=F15,"Prüfen","OK")))) -> OK | L15: Forderung ausgeglichen
A16: =IF(COUNTA(B16:G16)=0,"",ROW()-2) | H16: =IF(B16="","",IF(MONTH(B16)<10,"0"&MONTH(B16),MONTH(B16))&"."&YEAR(B16)) | I16: =IF(K16="OK",G16,"") | J16: =IF(K16="OK",G16,"") | K16: =IF(COUNTA(B16:G16)=0,"",IF(OR(B16="",C16="",D16="",E16="",F16="",G16=""),"Unvollständig",IF(G16<=0,"Prüfen",IF(E16=F16,"Prüfen","OK"))))
A17: =IF(COUNTA(B17:G17)=0,"",ROW()-2) | H17: =IF(B17="","",IF(MONTH(B17)<10,"0"&MONTH(B17),MONTH(B17))&"."&YEAR(B17)) | I17: =IF(K17="OK",G17,"") | J17: =IF(K17="OK",G17,"") | K17: =IF(COUNTA(B17:G17)=0,"",IF(OR(B17="",C17="",D17="",E17="",F17="",G17=""),"Unvollständig",IF(G17<=0,"Prüfen",IF(E17=F17,"Prüfen","OK"))))
A18: =IF(COUNTA(B18:G18)=0,"",ROW()-2) | H18: =IF(B18="","",IF(MONTH(B18)<10,"0"&MONTH(B18),MONTH(B18))&"."&YEAR(B18)) | I18: =IF(K18="OK",G18,"") | J18: =IF(K18="OK",G18,"") | K18: =IF(COUNTA(B18:G18)=0,"",IF(OR(B18="",C18="",D18="",E18="",F18="",G18=""),"Unvollständig",IF(G18<=0,"Prüfen",IF(E18=F18,"Prüfen","OK"))))
A19: =IF(COUNTA(B19:G19)=0,"",ROW()-2) | H19: =IF(B19="","",IF(MONTH(B19)<10,"0"&MONTH(B19),MONTH(B19))&"."&YEAR(B19)) | I19: =IF(K19="OK",G19,"") | J19: =IF(K19="OK",G19,"") | K19: =IF(COUNTA(B19:G19)=0,"",IF(OR(B19="",C19="",D19="",E19="",F19="",G19=""),"Unvollständig",IF(G19<=0,"Prüfen",IF(E19=F19,"Prüfen","OK"))))
A20: =IF(COUNTA(B20:G20)=0,"",ROW()-2) | H20: =IF(B20="","",IF(MONTH(B20)<10,"0"&MONTH(B20),MONTH(B20))&"."&YEAR(B20)) | I20: =IF(K20="OK",G20,"") | J20: =IF(K20="OK",G20,"") | K20: =IF(COUNTA(B20:G20)=0,"",IF(OR(B20="",C20="",D20="",E20="",F20="",G20=""),"Unvollständig",IF(G20<=0,"Prüfen",IF(E20=F20,"Prüfen","OK"))))
A21: =IF(COUNTA(B21:G21)=0,"",ROW()-2) | H21: =IF(B21="","",IF(MONTH(B21)<10,"0"&MONTH(B21),MONTH(B21))&"."&YEAR(B21)) | I21: =IF(K21="OK",G21,"") | J21: =IF(K21="OK",G21,"") | K21: =IF(COUNTA(B21:G21)=0,"",IF(OR(B21="",C21="",D21="",E21="",F21="",G21=""),"Unvollständig",IF(G21<=0,"Prüfen",IF(E21=F21,"Prüfen","OK"))))
A22: =IF(COUNTA(B22:G22)=0,"",ROW()-2) | H22: =IF(B22="","",IF(MONTH(B22)<10,"0"&MONTH(B22),MONTH(B22))&"."&YEAR(B22)) | I22: =IF(K22="OK",G22,"") | J22: =IF(K22="OK",G22,"") | K22: =IF(COUNTA(B22:G22)=0,"",IF(OR(B22="",C22="",D22="",E22="",F22="",G22=""),"Unvollständig",IF(G22<=0,"Prüfen",IF(E22=F22,"Prüfen","OK"))))
A23: =IF(COUNTA(B23:G23)=0,"",ROW()-2) | H23: =IF(B23="","",IF(MONTH(B23)<10,"0"&MONTH(B23),MONTH(B23))&"."&YEAR(B23)) | I23: =IF(K23="OK",G23,"") | J23: =IF(K23="OK",G23,"") | K23: =IF(COUNTA(B23:G23)=0,"",IF(OR(B23="",C23="",D23="",E23="",F23="",G23=""),"Unvollständig",IF(G23<=0,"Prüfen",IF(E23=F23,"Prüfen","OK"))))
A24: =IF(COUNTA(B24:G24)=0,"",ROW()-2) | H24: =IF(B24="","",IF(MONTH(B24)<10,"0"&MONTH(B24),MONTH(B24))&"."&YEAR(B24)) | I24: =IF(K24="OK",G24,"") | J24: =IF(K24="OK",G24,"") | K24: =IF(COUNTA(B24:G24)=0,"",IF(OR(B24="",C24="",D24="",E24="",F24="",G24=""),"Unvollständig",IF(G24<=0,"Prüfen",IF(E24=F24,"Prüfen","OK"))))
A25: =IF(COUNTA(B25:G25)=0,"",ROW()-2) | H25: =IF(B25="","",IF(MONTH(B25)<10,"0"&MONTH(B25),MONTH(B25))&"."&YEAR(B25)) | I25: =IF(K25="OK",G25,"") | J25: =IF(K25="OK",G25,"") | K25: =IF(COUNTA(B25:G25)=0,"",IF(OR(B25="",C25="",D25="",E25="",F25="",G25=""),"Unvollständig",IF(G25<=0,"Prüfen",IF(E25=F25,"Prüfen","OK"))))
A26: =IF(COUNTA(B26:G26)=0,"",ROW()-2) | H26: =IF(B26="","",IF(MONTH(B26)<10,"0"&MONTH(B26),MONTH(B26))&"."&YEAR(B26)) | I26: =IF(K26="OK",G26,"") | J26: =IF(K26="OK",G26,"") | K26: =IF(COUNTA(B26:G26)=0,"",IF(OR(B26="",C26="",D26="",E26="",F26="",G26=""),"Unvollständig",IF(G26<=0,"Prüfen",IF(E26=F26,"Prüfen","OK"))))
A27: =IF(COUNTA(B27:G27)=0,"",ROW()-2) | H27: =IF(B27="","",IF(MONTH(B27)<10,"0"&MONTH(B27),MONTH(B27))&"."&YEAR(B27)) | I27: =IF(K27="OK",G27,"") | J27: =IF(K27="OK",G27,"") | K27: =IF(COUNTA(B27:G27)=0,"",IF(OR(B27="",C27="",D27="",E27="",F27="",G27=""),"Unvollständig",IF(G27<=0,"Prüfen",IF(E27=F27,"Prüfen","OK"))))
... A202: =IF(COUNTA(B202:G202)=0,"",ROW()-2) | H202: =IF(B202="","",IF(MONTH(B202)<10,"0"&MONTH(B202),MONTH(B202))&"."&YEAR(B202)) | I202: =IF(K202="OK",G202,"") | J202: =IF(K202="OK",G202,"") | K202: =IF(COUNTA(B202:G202)=0,"",IF(OR(B202="",C202="",D202="",E202="",F202="",G202=""),"Unvollständig",IF(G202<=0,"Prüfen",IF(E202=F202,"Prüfen","OK"))))

Sheet Auswertungen
A1: Auswertungen
A3: Summen- und Saldenliste | I3: GuV
A4: Konto-Nr | B4: Kontobezeichnung | C4: Kontotyp | D4: Summe Soll | E4: Summe Haben | F4: Saldo | G4: Saldo-Seite | I4: Summe Erträge | K4: =SUMIF($C$5:$C$104,"Ertrag",$F$5:$F$104) -> 5930
A5: =IF(Kontenplan!A3="","",Kontenplan!A3) -> 1000 | B5: =IF($A5="","",Kontenplan!B3) -> Kasse | C5: =IF($A5="","",Kontenplan!C3) -> Aktiva | D5: =IF($A5="","",SUMIFS(Buchungen!$G$3:$G$202,Buchungen!$E$3:$E$202,$A5,Buchungen!$K$3:$K$202,"OK")) -> 450 | E5: =IF($A5="","",SUMIFS(Buchungen!$G$3:$G$202,Buchungen!$F$3:$F$202,$A5,Buchungen!$K$3:$K$202,"OK")) -> 0 | F5: =IF($A5="","",IF(OR($C5="Aktiva",$C5="Aufwand"),$D5-$E5,$E5-$D5)) -> 450 | G5: =IF($A5="","",IF($F5=0,"-",IF(OR($C5="Aktiva",$C5="Aufwand"),IF($F5>0,"Soll","Haben"),IF($F5>0,"Haben","Soll")))) -> Soll | I5: Summe Aufwendungen | K5: =SUMIF($C$5:$C$104,"Aufwand",$F$5:$F$104) -> 3484.9
A6: =IF(Kontenplan!A4="","",Kontenplan!A4) -> 1200 | B6: =IF($A6="","",Kontenplan!B4) -> Bank | C6: =IF($A6="","",Kontenplan!C4) -> Aktiva | D6: =IF($A6="","",SUMIFS(Buchungen!$G$3:$G$202,Buchungen!$E$3:$E$202,$A6,Buchungen!$K$3:$K$202,"OK")) -> 20480 | E6: =IF($A6="","",SUMIFS(Buchungen!$G$3:$G$202,Buchungen!$F$3:$F$202,$A6,Buchungen!$K$3:$K$202,"OK")) -> 3484.9 | F6: =IF($A6="","",IF(OR($C6="Aktiva",$C6="Aufwand"),$D6-$E6,$E6-$D6)) -> 16995.1 | G6: =IF($A6="","",IF($F6=0,"-",IF(OR($C6="Aktiva",$C6="Aufwand"),IF($F6>0,"Soll","Haben"),IF($F6>0,"Haben","Soll")))) -> Soll | I6: Jahresergebnis | K6: =K4-K5 -> 2445.1
A7: =IF(Kontenplan!A5="","",Kontenplan!A5) -> 1400 | B7: =IF($A7="","",Kontenplan!B5) -> Forderungen | C7: =IF($A7="","",Kontenplan!C5) -> Aktiva | D7: =IF($A7="","",SUMIFS(Buchungen!$G$3:$G$202,Buchungen!$E$3:$E$202,$A7,Buchungen!$K$3:$K$202,"OK")) -> 2100 | E7: =IF($A7="","",SUMIFS(Buchungen!$G$3:$G$202,Buchungen!$F$3:$F$202,$A7,Buchungen!$K$3:$K$202,"OK")) -> 2100 | F7: =IF($A7="","",IF(OR($C7="Aktiva",$C7="Aufwand"),$D7-$E7,$E7-$D7)) -> 0 | G7: =IF($A7="","",IF($F7=0,"-",IF(OR($C7="Aktiva",$C7="Aufwand"),IF($F7>0,"Soll","Haben"),IF($F7>0,"Haben","Soll")))) -> -
A8: =IF(Kontenplan!A6="","",Kontenplan!A6) -> 1600 | B8: =IF($A8="","",Kontenplan!B6) -> Anlagevermögen | C8: =IF($A8="","",Kontenplan!C6) -> Aktiva | D8: =IF($A8="","",SUMIFS(Buchungen!$G$3:$G$202,Buchungen!$E$3:$E$202,$A8,Buchungen!$K$3:$K$202,"OK")) -> 0 | E8: =IF($A8="","",SUMIFS(Buchungen!$G$3:$G$202,Buchungen!$F$3:$F$202,$A8,Buchungen!$K$3:$K$202,"OK")) -> 0 | F8: =IF($A8="","",IF(OR($C8="Aktiva",$C8="Aufwand"),$D8-$E8,$E8-$D8)) -> 0 | G8: =IF($A8="","",IF($F8=0,"-",IF(OR($C8="Aktiva",$C8="Aufwand"),IF($F8>0,"Soll","Haben"),IF($F8>0,"Haben","Soll")))) -> -
A9: =IF(Kontenplan!A7="","",Kontenplan!A7) -> 2000 | B9: =IF($A9="","",Kontenplan!B7) -> Verbindlichkeiten | C9: =IF($A9="","",Kontenplan!C7) -> Passiva | D9: =IF($A9="","",SUMIFS(Buchungen!$G$3:$G$202,Buchungen!$E$3:$E$202,$A9,Buchungen!$K$3:$K$202,"OK")) -> 980 | E9: =IF($A9="","",SUMIFS(Buchungen!$G$3:$G$202,Buchungen!$F$3:$F$202,$A9,Buchungen!$K$3:$K$202,"OK")) -> 980 | F9: =IF($A9="","",IF(OR($C9="Aktiva",$C9="Aufwand"),$D9-$E9,$E9-$D9)) -> 0 | G9: =IF($A9="","",IF($F9=0,"-",IF(OR($C9="Aktiva",$C9="Aufwand"),IF($F9>0,"Soll","Haben"),IF($F9>0,"Haben","Soll")))) -> - | I9: Bilanz
A10: =IF(Kontenplan!A8="","",Kontenplan!A8) -> 3000 | B10: =IF($A10="","",Kontenplan!B8) -> Eigenkapital | C10: =IF($A10="","",Kontenplan!C8) -> Eigenkapital | D10: =IF($A10="","",SUMIFS(Buchungen!$G$3:$G$202,Buchungen!$E$3:$E$202,$A10,Buchungen!$K$3:$K$202,"OK")) -> 0 | E10: =IF($A10="","",SUMIFS(Buchungen!$G$3:$G$202,Buchungen!$F$3:$F$202,$A10,Buchungen!$K$3:$K$202,"OK")) -> 15000 | F10: =IF($A10="","",IF(OR($C10="Aktiva",$C10="Aufwand"),$D10-$E10,$E10-$D10)) -> 15000 | G10: =IF($A10="","",IF($F10=0,"-",IF(OR($C10="Aktiva",$C10="Aufwand"),IF($F10>0,"Soll","Haben"),IF($F10>0,"Haben","Soll")))) -> Haben | I10: Aktiva | K10: =SUMIF($C$5:$C$104,"Aktiva",$F$5:$F$104) -> 17445.1
A11: =IF(Kontenplan!A9="","",Kontenplan!A9) -> 4000 | B11: =IF($A11="","",Kontenplan!B9) -> Umsatzerlöse | C11: =IF($A11="","",Kontenplan!C9) -> Ertrag | D11: =IF($A11="","",SUMIFS(Buchungen!$G$3:$G$202,Buchungen!$E$3:$E$202,$A11,Buchungen!$K$3:$K$202,"OK")) -> 0 | E11: =IF($A11="","",SUMIFS(Buchungen!$G$3:$G$202,Buchungen!$F$3:$F$202,$A11,Buchungen!$K$3:$K$202,"OK")) -> 5750 | F11: =IF($A11="","",IF(OR($C11="Aktiva",$C11="Aufwand"),$D11-$E11,$E11-$D11)) -> 5750 | G11: =IF($A11="","",IF($F11=0,"-",IF(OR($C11="Aktiva",$C11="Aufwand"),IF($F11>0,"Soll","Haben"),IF($F11>0,"Haben","Soll")))) -> Haben | I11: Passiva | K11: =SUMIF($C$5:$C$104,"Passiva",$F$5:$F$104) -> 0
A12: =IF(Kontenplan!A10="","",Kontenplan!A10) -> 4100 | B12: =IF($A12="","",Kontenplan!B10) -> Sonstige Erträge | C12: =IF($A12="","",Kontenplan!C10) -> Ertrag | D12: =IF($A12="","",SUMIFS(Buchungen!$G$3:$G$202,Buchungen!$E$3:$E$202,$A12,Buchungen!$K$3:$K$202,"OK")) -> 0 | E12: =IF($A12="","",SUMIFS(Buchungen!$G$3:$G$202,Buchungen!$F$3:$F$202,$A12,Buchungen!$K$3:$K$202,"OK")) -> 180 | F12: =IF($A12="","",IF(OR($C12="Aktiva",$C12="Aufwand"),$D12-$E12,$E12-$D12)) -> 180 | G12: =IF($A12="","",IF($F12=0,"-",IF(OR($C12="Aktiva",$C12="Aufwand"),IF($F12>0,"Soll","Haben"),IF($F12>0,"Haben","Soll")))) -> Haben | I12: Eigenkapital | K12: =SUMIF($C$5:$C$104,"Eigenkapital",$F$5:$F$104) -> 15000
A13: =IF(Kontenplan!A11="","",Kontenplan!A11) -> 5000 | B13: =IF($A13="","",Kontenplan!B11) -> Wareneinsatz | C13: =IF($A13="","",Kontenplan!C11) -> Aufwand | D13: =IF($A13="","",SUMIFS(Buchungen!$G$3:$G$202,Buchungen!$E$3:$E$202,$A13,Buchungen!$K$3:$K$202,"OK")) -> 980 | E13: =IF($A13="","",SUMIFS(Buchungen!$G$3:$G$202,Buchungen!$F$3:$F$202,$A13,Buchungen!$K$3:$K$202,"OK")) -> 0 | F13: =IF($A13="","",IF(OR($C13="Aktiva",$C13="Aufwand"),$D13-$E13,$E13-$D13)) -> 980 | G13: =IF($A13="","",IF($F13=0,"-",IF(OR($C13="Aktiva",$C13="Aufwand"),IF($F13>0,"Soll","Haben"),IF($F13>0,"Haben","Soll")))) -> Soll | I13: Jahresergebnis | K13: =K6 -> 2445.1
A14: =IF(Kontenplan!A12="","",Kontenplan!A12) -> 6000 | B14: =IF($A14="","",Kontenplan!B12) -> Miete | C14: =IF($A14="","",Kontenplan!C12) -> Aufwand | D14: =IF($A14="","",SUMIFS(Buchungen!$G$3:$G$202,Buchungen!$E$3:$E$202,$A14,Buchungen!$K$3:$K$202,"OK")) -> 1200 | E14: =IF($A14="","",SUMIFS(Buchungen!$G$3:$G$202,Buchungen!$F$3:$F$202,$A14,Buchungen!$K$3:$K$202,"OK")) -> 0 | F14: =IF($A14="","",IF(OR($C14="Aktiva",$C14="Aufwand"),$D14-$E14,$E14-$D14)) -> 1200 | G14: =IF($A14="","",IF($F14=0,"-",IF(OR($C14="Aktiva",$C14="Aufwand"),IF($F14>0,"Soll","Haben"),IF($F14>0,"Haben","Soll")))) -> Soll | I14: Summe Passiva | K14: =K11+K12+K13 -> 17445.1
A15: =IF(Kontenplan!A13="","",Kontenplan!A13) -> 6100 | B15: =IF($A15="","",Kontenplan!B13) -> Bürobedarf | C15: =IF($A15="","",Kontenplan!C13) -> Aufwand | D15: =IF($A15="","",SUMIFS(Buchungen!$G$3:$G$202,Buchungen!$E$3:$E$202,$A15,Buchungen!$K$3:$K$202,"OK")) -> 245 | E15: =IF($A15="","",SUMIFS(Buchungen!$G$3:$G$202,Buchungen!$F$3:$F$202,$A15,Buchungen!$K$3:$K$202,"OK")) -> 0 | F15: =IF($A15="","",IF(OR($C15="Aktiva",$C15="Aufwand"),$D15-$E15,$E15-$D15)) -> 245 | G15: =IF($A15="","",IF($F15=0,"-",IF(OR($C15="Aktiva",$C15="Aufwand"),IF($F15>0,"Soll","Haben"),IF($F15>0,"Haben","Soll")))) -> Soll | I15: Differenz Bilanz | K15: =K10-K14 -> 0
A16: =IF(Kontenplan!A14="","",Kontenplan!A14) -> 6200 | B16: =IF($A16="","",Kontenplan!B14) -> Telefon und Internet | C16: =IF($A16="","",Kontenplan!C14) -> Aufwand | D16: =IF($A16="","",SUMIFS(Buchungen!$G$3:$G$202,Buchungen!$E$3:$E$202,$A16,Buchungen!$K$3:$K$202,"OK")) -> 89.9 | E16: =IF($A16="","",SUMIFS(Buchungen!$G$3:$G$202,Buchungen!$F$3:$F$202,$A16,Buchungen!$K$3:$K$202,"OK")) -> 0 | F16: =IF($A16="","",IF(OR($C16="Aktiva",$C16="Aufwand"),$D16-$E16,$E16-$D16)) -> 89.9 | G16: =IF($A16="","",IF($F16=0,"-",IF(OR($C16="Aktiva",$C16="Aufwand"),IF($F16>0,"Soll","Haben"),IF($F16>0,"Haben","Soll")))) -> Soll | I16: Status | K16: =IF(ABS(K15)<0.005,"OK","Nicht ausgeglichen") -> OK
A17: =IF(Kontenplan!A15="","",Kontenplan!A15) -> 6300 | B17: =IF($A17="","",Kontenplan!B15) -> Versicherungen | C17: =IF($A17="","",Kontenplan!C15) -> Aufwand | D17: =IF($A17="","",SUMIFS(Buchungen!$G$3:$G$202,Buchungen!$E$3:$E$202,$A17,Buchungen!$K$3:$K$202,"OK")) -> 410 | E17: =IF($A17="","",SUMIFS(Buchungen!$G$3:$G$202,Buchungen!$F$3:$F$202,$A17,Buchungen!$K$3:$K$202,"OK")) -> 0 | F17: =IF($A17="","",IF(OR($C17="Aktiva",$C17="Aufwand"),$D17-$E17,$E17-$D17)) -> 410 | G17: =IF($A17="","",IF($F17=0,"-",IF(OR($C17="Aktiva",$C17="Aufwand"),IF($F17>0,"Soll","Haben"),IF($F17>0,"Haben","Soll")))) -> Soll
A18: =IF(Kontenplan!A16="","",Kontenplan!A16) -> 6400 | B18: =IF($A18="","",Kontenplan!B16) -> Reisekosten | C18: =IF($A18="","",Kontenplan!C16) -> Aufwand | D18: =IF($A18="","",SUMIFS(Buchungen!$G$3:$G$202,Buchungen!$E$3:$E$202,$A18,Buchungen!$K$3:$K$202,"OK")) -> 560 | E18: =IF($A18="","",SUMIFS(Buchungen!$G$3:$G$202,Buchungen!$F$3:$F$202,$A18,Buchungen!$K$3:$K$202,"OK")) -> 0 | F18: =IF($A18="","",IF(OR($C18="Aktiva",$C18="Aufwand"),$D18-$E18,$E18-$D18)) -> 560 | G18: =IF($A18="","",IF($F18=0,"-",IF(OR($C18="Aktiva",$C18="Aufwand"),IF($F18>0,"Soll","Haben"),IF($F18>0,"Haben","Soll")))) -> Soll
A19: =IF(Kontenplan!A17="","",Kontenplan!A17) -> 6500 | B19: =IF($A19="","",Kontenplan!B17) -> Sonstige betriebliche Aufwendungen | C19: =IF($A19="","",Kontenplan!C17) -> Aufwand | D19: =IF($A19="","",SUMIFS(Buchungen!$G$3:$G$202,Buchungen!$E$3:$E$202,$A19,Buchungen!$K$3:$K$202,"OK")) -> 0 | E19: =IF($A19="","",SUMIFS(Buchungen!$G$3:$G$202,Buchungen!$F$3:$F$202,$A19,Buchungen!$K$3:$K$202,"OK")) -> 0 | F19: =IF($A19="","",IF(OR($C19="Aktiva",$C19="Aufwand"),$D19-$E19,$E19-$D19)) -> 0 | G19: =IF($A19="","",IF($F19=0,"-",IF(OR($C19="Aktiva",$C19="Aufwand"),IF($F19>0,"Soll","Haben"),IF($F19>0,"Haben","Soll")))) -> -
A20: =IF(Kontenplan!A18="","",Kontenplan!A18) | B20: =IF($A20="","",Kontenplan!B18) | C20: =IF($A20="","",Kontenplan!C18) | D20: =IF($A20="","",SUMIFS(Buchungen!$G$3:$G$202,Buchungen!$E$3:$E$202,$A20,Buchungen!$K$3:$K$202,"OK")) | E20: =IF($A20="","",SUMIFS(Buchungen!$G$3:$G$202,Buchungen!$F$3:$F$202,$A20,Buchungen!$K$3:$K$202,"OK")) | F20: =IF($A20="","",IF(OR($C20="Aktiva",$C20="Aufwand"),$D20-$E20,$E20-$D20)) | G20: =IF($A20="","",IF($F20=0,"-",IF(OR($C20="Aktiva",$C20="Aufwand"),IF($F20>0,"Soll","Haben"),IF($F20>0,"Haben","Soll"))))
A21: =IF(Kontenplan!A19="","",Kontenplan!A19) | B21: =IF($A21="","",Kontenplan!B19) | C21: =IF($A21="","",Kontenplan!C19) | D21: =IF($A21="","",SUMIFS(Buchungen!$G$3:$G$202,Buchungen!$E$3:$E$202,$A21,Buchungen!$K$3:$K$202,"OK")) | E21: =IF($A21="","",SUMIFS(Buchungen!$G$3:$G$202,Buchungen!$F$3:$F$202,$A21,Buchungen!$K$3:$K$202,"OK")) | F21: =IF($A21="","",IF(OR($C21="Aktiva",$C21="Aufwand"),$D21-$E21,$E21-$D21)) | G21: =IF($A21="","",IF($F21=0,"-",IF(OR($C21="Aktiva",$C21="Aufwand"),IF($F21>0,"Soll","Haben"),IF($F21>0,"Haben","Soll"))))
A22: =IF(Kontenplan!A20="","",Kontenplan!A20) | B22: =IF($A22="","",Kontenplan!B20) | C22: =IF($A22="","",Kontenplan!C20) | D22: =IF($A22="","",SUMIFS(Buchungen!$G$3:$G$202,Buchungen!$E$3:$E$202,$A22,Buchungen!$K$3:$K$202,"OK")) | E22: =IF($A22="","",SUMIFS(Buchungen!$G$3:$G$202,Buchungen!$F$3:$F$202,$A22,Buchungen!$K$3:$K$202,"OK")) | F22: =IF($A22="","",IF(OR($C22="Aktiva",$C22="Aufwand"),$D22-$E22,$E22-$D22)) | G22: =IF($A22="","",IF($F22=0,"-",IF(OR($C22="Aktiva",$C22="Aufwand"),IF($F22>0,"Soll","Haben"),IF($F22>0,"Haben","Soll"))))
A23: =IF(Kontenplan!A21="","",Kontenplan!A21) | B23: =IF($A23="","",Kontenplan!B21) | C23: =IF($A23="","",Kontenplan!C21) | D23: =IF($A23="","",SUMIFS(Buchungen!$G$3:$G$202,Buchungen!$E$3:$E$202,$A23,Buchungen!$K$3:$K$202,"OK")) | E23: =IF($A23="","",SUMIFS(Buchungen!$G$3:$G$202,Buchungen!$F$3:$F$202,$A23,Buchungen!$K$3:$K$202,"OK")) | F23: =IF($A23="","",IF(OR($C23="Aktiva",$C23="Aufwand"),$D23-$E23,$E23-$D23)) | G23: =IF($A23="","",IF($F23=0,"-",IF(OR($C23="Aktiva",$C23="Aufwand"),IF($F23>0,"Soll","Haben"),IF($F23>0,"Haben","Soll"))))
A24: =IF(Kontenplan!A22="","",Kontenplan!A22) | B24: =IF($A24="","",Kontenplan!B22) | C24: =IF($A24="","",Kontenplan!C22) | D24: =IF($A24="","",SUMIFS(Buchungen!$G$3:$G$202,Buchungen!$E$3:$E$202,$A24,Buchungen!$K$3:$K$202,"OK")) | E24: =IF($A24="","",SUMIFS(Buchungen!$G$3:$G$202,Buchungen!$F$3:$F$202,$A24,Buchungen!$K$3:$K$202,"OK")) | F24: =IF($A24="","",IF(OR($C24="Aktiva",$C24="Aufwand"),$D24-$E24,$E24-$D24)) | G24: =IF($A24="","",IF($F24=0,"-",IF(OR($C24="Aktiva",$C24="Aufwand"),IF($F24>0,"Soll","Haben"),IF($F24>0,"Haben","Soll"))))
A25: =IF(Kontenplan!A23="","",Kontenplan!A23) | B25: =IF($A25="","",Kontenplan!B23) | C25: =IF($A25="","",Kontenplan!C23) | D25: =IF($A25="","",SUMIFS(Buchungen!$G$3:$G$202,Buchungen!$E$3:$E$202,$A25,Buchungen!$K$3:$K$202,"OK")) | E25: =IF($A25="","",SUMIFS(Buchungen!$G$3:$G$202,Buchungen!$F$3:$F$202,$A25,Buchungen!$K$3:$K$202,"OK")) | F25: =IF($A25="","",IF(OR($C25="Aktiva",$C25="Aufwand"),$D25-$E25,$E25-$D25)) | G25: =IF($A25="","",IF($F25=0,"-",IF(OR($C25="Aktiva",$C25="Aufwand"),IF($F25>0,"Soll","Haben"),IF($F25>0,"Haben","Soll"))))
A26: =IF(Kontenplan!A24="","",Kontenplan!A24) | B26: =IF($A26="","",Kontenplan!B24) | C26: =IF($A26="","",Kontenplan!C24) | D26: =IF($A26="","",SUMIFS(Buchungen!$G$3:$G$202,Buchungen!$E$3:$E$202,$A26,Buchungen!$K$3:$K$202,"OK")) | E26: =IF($A26="","",SUMIFS(Buchungen!$G$3:$G$202,Buchungen!$F$3:$F$202,$A26,Buchungen!$K$3:$K$202,"OK")) | F26: =IF($A26="","",IF(OR($C26="Aktiva",$C26="Aufwand"),$D26-$E26,$E26-$D26)) | G26: =IF($A26="","",IF($F26=0,"-",IF(OR($C26="Aktiva",$C26="Aufwand"),IF($F26>0,"Soll","Haben"),IF($F26>0,"Haben","Soll"))))
A27: =IF(Kontenplan!A25="","",Kontenplan!A25) | B27: =IF($A27="","",Kontenplan!B25) | C27: =IF($A27="","",Kontenplan!C25) | D27: =IF($A27="","",SUMIFS(Buchungen!$G$3:$G$202,Buchungen!$E$3:$E$202,$A27,Buchungen!$K$3:$K$202,"OK")) | E27: =IF($A27="","",SUMIFS(Buchungen!$G$3:$G$202,Buchungen!$F$3:$F$202,$A27,Buchungen!$K$3:$K$202,"OK")) | F27: =IF($A27="","",IF(OR($C27="Aktiva",$C27="Aufwand"),$D27-$E27,$E27-$D27)) | G27: =IF($A27="","",IF($F27=0,"-",IF(OR($C27="Aktiva",$C27="Aufwand"),IF($F27>0,"Soll","Haben"),IF($F27>0,"Haben","Soll"))))
A28: =IF(Kontenplan!A26="","",Kontenplan!A26) | B28: =IF($A28="","",Kontenplan!B26) | C28: =IF($A28="","",Kontenplan!C26) | D28: =IF($A28="","",SUMIFS(Buchungen!$G$3:$G$202,Buchungen!$E$3:$E$202,$A28,Buchungen!$K$3:$K$202,"OK")) | E28: =IF($A28="","",SUMIFS(Buchungen!$G$3:$G$202,Buchungen!$F$3:$F$202,$A28,Buchungen!$K$3:$K$202,"OK")) | F28: =IF($A28="","",IF(OR($C28="Aktiva",$C28="Aufwand"),$D28-$E28,$E28-$D28)) | G28: =IF($A28="","",IF($F28=0,"-",IF(OR($C28="Aktiva",$C28="Aufwand"),IF($F28>0,"Soll","Haben"),IF($F28>0,"Haben","Soll"))))
... A104: =IF(Kontenplan!A102="","",Kontenplan!A102) | B104: =IF($A104="","",Kontenplan!B102) | C104: =IF($A104="","",Kontenplan!C102) | D104: =IF($A104="","",SUMIFS(Buchungen!$G$3:$G$202,Buchungen!$E$3:$E$202,$A104,Buchungen!$K$3:$K$202,"OK")) | E104: =IF($A104="","",SUMIFS(Buchungen!$G$3:$G$202,Buchungen!$F$3:$F$202,$A104,Buchungen!$K$3:$K$202,"OK")) | F104: =IF($A104="","",IF(OR($C104="Aktiva",$C104="Aufwand"),$D104-$E104,$E104-$D104)) | G104: =IF($A104="","",IF($F104=0,"-",IF(OR($C104="Aktiva",$C104="Aufwand"),IF($F104>0,"Soll","Haben"),IF($F104>0,"Haben","Soll"))))
